| TOP OF THE 1ST |
|
Reading Fightin Phils batting - Pitching for Mississippi Braves : LHP Mark Gehring
|
|
Pitching: LHP Mark Gehring
|
|
|
Batting: RHB Alberto Ramirez
|
0-0: Ground out 4-3 (Groundball, 4, EV 105.0 MPH)
|
|
Batting: RHB Chris Myers
|
0-0: SOLO HOME RUN (Flyball, 7D, EV 98.1 MPH), Distance : 383 ft
|
|
Batting: RHB Guan-pei Gao
|
0-0: Ball 1-0: Ball 2-0: Ground out U3 (Groundball, 3, EV 100.6 MPH)
|
|
Batting: RHB Victor Arroyo
|
0-0: Ball 1-0: SOLO HOME RUN (Flyball, 7LD, EV 91.2 MPH), Distance : 359 ft
|
|
Batting: RHB Greg Herzig
|
0-0: Foul Ball, location: 2F 0-1: DOUBLE (Flyball, 78D, EV 98.8 MPH)
|
|
Batting: RHB David Clough
|
0-0: Swinging Strike 0-1: Hit by Pitch
|
|
Batting: RHB Mike Bell
|
0-0: Fly out, F7 (Flyball, 7, EV 84.4 MPH)
|
| Top of the 1st over - 2 runs, 3 hits, 0 errors, 2 left on base; Reading 2 - Mississippi 0 |
| BOTTOM OF THE 1ST |
|
Mississippi Braves batting - Pitching for Reading Fightin Phils : RHP Josh Howell
|
|
Pitching: RHP Josh Howell
|
|
|
Batting: LHB Sal Fernandez
|
0-0: Ball 1-0: Ball 2-0: Bunt for hit to 15S - play at first, batter OUT! 1-3
|
|
Batting: RHB Hieronim Rutkowski
|
0-0: Ball 1-0: Foul Ball, location: 2F 1-1: Foul Ball, location: 2F 1-2: Ball 2-2: Ground out 6-3 (Groundball, 6, EV 84.4 MPH)
|
|
Batting: LHB Art D'Ascenzo
|
0-0: Called Strike 0-1: Ball 1-1: Ball 2-1: Ground out 4-3 (Groundball, 4, EV 83.1 MPH)
|
| Bottom of the 1st over - 0 runs, 0 hits, 0 errors, 0 left on base; Reading 2 - Mississippi 0 |
| TOP OF THE 2ND |
|
Reading Fightin Phils batting - Pitching for Mississippi Braves : LHP Mark Gehring
|
|
Batting: RHB Jake Cox
|
0-0: Swinging Strike 0-1: Ball 1-1: Foul Ball, location: 2F 1-2: Foul Ball, location: 2F 1-2: Ball 2-2: Foul Ball, location: 2F 2-2: SINGLE (Groundball, 6MD, EV 103.1 MPH)
|
|
Batting: RHB Victor Arias
|
0-0: Swinging Strike 0-1: Foul Ball, location: 2F 0-2: Ball 1-2: Strikes out swinging
|
|
Batting: RHB Alberto Ramirez
|
0-0: Ball 1-0: Called Strike 1-1: Ground out 5-3 (Groundball, 56S, EV 73.1 MPH) Jake Cox to second
|
|
Batting: RHB Chris Myers
|
0-0: Called Strike 0-1: Ball 1-1: Swinging Strike 1-2: Ball 2-2: Ball Wild Pitch! Jake Cox to third 3-2: Base on Balls
|
|
Batting: RHB Guan-pei Gao
|
0-0: Called Strike 0-1: Called Strike 0-2: Strikes out swinging
|
| Top of the 2nd over - 0 runs, 1 hit, 0 errors, 2 left on base; Reading 2 - Mississippi 0 |
| BOTTOM OF THE 2ND |
|
Mississippi Braves batting - Pitching for Reading Fightin Phils : RHP Josh Howell
|
|
Batting: RHB Eddie McCoy
|
0-0: Foul Ball, location: 2F 0-1: Ball 1-1: Foul Ball, location: 2F 1-2: SINGLE (Groundball, 6D, EV 95.6 MPH)
|
|
Batting: RHB Justin Reich
|
0-0: Ball 1-0: Called Strike 1-1: Called Strike 1-2: Strikes out swinging
|
|
Batting: SHB Jose Melendez
|
0-0: Swinging Strike 0-1: Foul Ball, location: 2F 0-2: Ball 1-2: Fielders Choice at 2nd, 4-6 (Groundball, 4M, EV 105.0 MPH)
|
|
Batting: RHB Tim Molchan
|
0-0: Called Strike 0-1: Ball 1-1: Fielders Choice at 2nd, 6-4 (Groundball, 6, EV 86.2 MPH)
|
| Bottom of the 2nd over - 0 runs, 1 hit, 0 errors, 1 left on base; Reading 2 - Mississippi 0 |
| TOP OF THE 3RD |
|
Reading Fightin Phils batting - Pitching for Mississippi Braves : LHP Mark Gehring
|
|
Batting: RHB Victor Arroyo
|
0-0: Ball 1-0: Called Strike 1-1: Ball 2-1: Ball 3-1: Foul Ball, location: 2F 3-2: Foul Ball, location: 2F 3-2: Strikes out swinging
|
|
Batting: RHB Greg Herzig
|
0-0: Called Strike 0-1: Called Strike 0-2: Fly out, F9 (Flyball, 9LM, EV 105.6 MPH)
|
|
Batting: RHB David Clough
|
0-0: Called Strike 0-1: Ball 1-1: Ball 2-1: Fly out, F9 (Flyball, 9, EV 78.1 MPH)
|
| Top of the 3rd over - 0 runs, 0 hits, 0 errors, 0 left on base; Reading 2 - Mississippi 0 |
| BOTTOM OF THE 3RD |
|
Mississippi Braves batting - Pitching for Reading Fightin Phils : RHP Josh Howell
|
|
Batting: LHB Luis Cruz
|
0-0: Foul Ball, location: 2F 0-1: Called Strike 0-2: Foul Ball, location: 2F 0-2: Foul Ball, location: 2F 0-2: Strikes out looking
|
|
Batting: RHB Elias Vences
|
0-0: Fly out, F9 (Flyball, 9D, EV 101.9 MPH)
|
|
Batting: LHB Sal Fernandez
|
0-0: Foul Ball, location: 2F 0-1: Ball 1-1: Ball 2-1: Foul Ball, location: 2F 2-2: Ground out 4-3 (Groundball, 34, EV 81.2 MPH)
|
| Bottom of the 3rd over - 0 runs, 0 hits, 0 errors, 0 left on base; Reading 2 - Mississippi 0 |
| TOP OF THE 4TH |
|
Reading Fightin Phils batting - Pitching for Mississippi Braves : LHP Mark Gehring
|
|
Batting: RHB Mike Bell
|
0-0: Ball 1-0: Fly out, F8 (Line Drive, 8RM, EV 87.5 MPH)
|
|
Batting: RHB Jake Cox
|
0-0: Called Strike 0-1: DOUBLE (Line Drive, 78D, EV 110.0 MPH)
|
|
Batting: RHB Victor Arias
|
0-0: Ball 1-0: Foul Ball, location: 2F 1-1: Foul Ball, location: 2F 1-2: Foul Ball, location: 2F 1-2: Foul Ball, location: 2F 1-2: Ball 2-2: Ball 3-2: Foul Ball, location: 2F 3-2: SINGLE (Flyball, 56D, EV 91.2 MPH) Jake Cox to third
|
|
Batting: RHB Alberto Ramirez
|
0-0: Called Strike 0-1: Foul Ball, location: 2F 0-2: Ball 1-2: Ball 2-2: Strikes out looking
|
|
Batting: RHB Chris Myers
|
0-0: Called Strike 0-1: Ball 1-1: Fly out, F7 (Flyball, 78D, EV 97.5 MPH)
|
| Top of the 4th over - 0 runs, 2 hits, 0 errors, 2 left on base; Reading 2 - Mississippi 0 |
| BOTTOM OF THE 4TH |
|
Mississippi Braves batting - Pitching for Reading Fightin Phils : RHP Josh Howell
|
|
Batting: RHB Hieronim Rutkowski
|
0-0: Swinging Strike 0-1: Swinging Strike 0-2: Strikes out looking
|
|
Batting: LHB Art D'Ascenzo
|
0-0: Called Strike 0-1: Foul Ball, location: 2F 0-2: Ball 1-2: Foul Ball, location: 2F 1-2: Foul Ball, location: 2F 1-2: Ball 2-2: Ball 3-2: SOLO HOME RUN (Flyball, 9D, EV 95.6 MPH), Distance : 374 ft
|
|
Batting: RHB Eddie McCoy
|
0-0: Ball 1-0: Called Strike 1-1: Ball 2-1: Foul Ball, location: 2F 2-2: Ball 3-2: Foul Ball, location: 2F 3-2: Fly out, F9 (Flyball, 89D, EV 95.0 MPH)
|
|
Batting: RHB Justin Reich
|
0-0: Called Strike 0-1: Swinging Strike 0-2: Ball 1-2: Ball 2-2: Ball 3-2: Fly out, F8 (Flyball, 8LM, EV 89.4 MPH)
|
| Bottom of the 4th over - 1 run, 1 hit, 0 errors, 0 left on base; Reading 2 - Mississippi 1 |
| TOP OF THE 5TH |
|
Reading Fightin Phils batting - Pitching for Mississippi Braves : LHP Mark Gehring
|
|
Batting: RHB Guan-pei Gao
|
0-0: Ball 1-0: Called Strike 1-1: Foul Ball, location: 2F 1-2: SINGLE (Groundball, 56D, EV 103.8 MPH)
|
|
Batting: RHB Victor Arroyo
|
0-0: Foul Ball, location: 2F 0-1: Ball 1-1: Foul Ball, location: 2F 1-2: Ground out 4-3 (Groundball, 4S, EV 67.5 MPH) Guan-pei Gao to second
|
|
Batting: RHB Greg Herzig
|
0-0: Called Strike 0-1: Foul Ball, location: 2F 0-2: Strikes out swinging
|
|
Batting: RHB David Clough
|
0-0: Fly out, F7 (Flyball, 7LD, EV 103.8 MPH)
|
| Top of the 5th over - 0 runs, 1 hit, 0 errors, 1 left on base; Reading 2 - Mississippi 1 |
| BOTTOM OF THE 5TH |
|
Mississippi Braves batting - Pitching for Reading Fightin Phils : RHP Josh Howell
|
|
Batting: SHB Jose Melendez
|
0-0: Foul Ball, location: 2F 0-1: Ground out 3-1 (Groundball, 34, EV 89.4 MPH)
|
|
Batting: RHB Tim Molchan
|
0-0: Ball 1-0: DOUBLE (Line Drive, 89D, EV 100.6 MPH)
|
|
Batting: LHB Luis Cruz
|
0-0: Ball Wild Pitch! Tim Molchan to third 1-0: Swinging Strike 1-1: Ball 2-1: Swinging Strike 2-2: Ground out U3 (Groundball, 3, EV 79.4 MPH)
|
|
Batting: RHB Elias Vences
|
0-0: Foul Ball, location: 2F 0-1: Ground out 3-1 (Groundball, 34S, EV 86.9 MPH)
|
| Bottom of the 5th over - 0 runs, 1 hit, 0 errors, 1 left on base; Reading 2 - Mississippi 1 |
| TOP OF THE 6TH |
|
Reading Fightin Phils batting - Pitching for Mississippi Braves : LHP Mark Gehring
|
|
Batting: RHB Mike Bell
|
0-0: Ball 1-0: Swinging Strike 1-1: Foul Ball, location: 2F 1-2: Strikes out looking
|
|
Pitching: RHP Ioakim Mozgo
|
|
|
Batting: RHB Jake Cox
|
0-0: Ball 1-0: Foul Ball, location: 2F 1-1: Foul Ball, location: 2F 1-2: Strikes out swinging
|
|
Batting: RHB Victor Arias
|
0-0: Called Strike 0-1: Foul Ball, location: 2F 0-2: Ball 1-2: Ball 2-2: Strikes out looking
|
| Top of the 6th over - 0 runs, 0 hits, 0 errors, 0 left on base; Reading 2 - Mississippi 1 |
| BOTTOM OF THE 6TH |
|
Mississippi Braves batting - Pitching for Reading Fightin Phils : RHP Josh Howell
|
|
Batting: LHB Sal Fernandez
|
0-0: Foul Ball, location: 2F 0-1: SINGLE (Groundball, 4S, EV 65.0 MPH) (infield hit)
|
|
Batting: RHB Hieronim Rutkowski
|
0-0: Ball 1-0: Foul Ball, location: 2F 1-1: Ball 2-1: Foul Ball, location: 2F 2-2: Foul Ball, location: 2F 2-2: Fly out, F8 (Flyball, 8LM, EV 87.5 MPH)
|
|
Batting: LHB Art D'Ascenzo
|
0-0: Grounds out, U3 (Groundball, 3L, EV 83.8 MPH)
|
|
Batting: RHB Eddie McCoy
|
0-0: Called Strike 0-1: Ball 1-1: Ball 2-1: Called Strike 2-2: Strikes out swinging
|
| Bottom of the 6th over - 0 runs, 1 hit, 0 errors, 1 left on base; Reading 2 - Mississippi 1 |
| TOP OF THE 7TH |
|
Reading Fightin Phils batting - Pitching for Mississippi Braves : RHP Ioakim Mozgo
|
|
Batting: RHB Alberto Ramirez
|
0-0: Ball 1-0: Ball 2-0: Ball 3-0: DOUBLE (Groundball, 3L, EV 95.6 MPH)
|
|
Batting: RHB Chris Myers
|
0-0: Ball 1-0: Sac Bunt to P - play at first, batter OUT! 1-4 Alberto Ramirez to third
|
|
Batting: RHB Guan-pei Gao
|
0-0: Foul Ball, location: 2F 0-1: Foul Ball, location: 2F 0-2: Ground out 5-3 (Groundball, 5, EV 104.4 MPH)
|
|
Batting: RHB Victor Arroyo
|
0-0: Ball 1-0: Swinging Strike 1-1: Foul Ball, location: 2F 1-2: Ball 2-2: Foul Ball, location: 2F 2-2: Foul Ball, location: 2F 2-2: Fly out, F9 (Flyball, 9S, EV 84.4 MPH)
|
| Top of the 7th over - 0 runs, 1 hit, 0 errors, 1 left on base; Reading 2 - Mississippi 1 |
| BOTTOM OF THE 7TH |
|
Mississippi Braves batting - Pitching for Reading Fightin Phils : RHP Josh Howell
|
|
Batting: RHB Justin Reich
|
0-0: Called Strike 0-1: Ball 1-1: Called Strike 1-2: Strikes out swinging
|
|
Batting: SHB Jose Melendez
|
0-0: Called Strike 0-1: Ball 1-1: Foul Ball, location: 2F 1-2: Ball 2-2: Foul Ball, location: 2F 2-2: Ground out 6-3 (Groundball, 6, EV 103.8 MPH)
|
|
Batting: RHB Tim Molchan
|
0-0: Ball 1-0: Foul Ball, location: 2F 1-1: Ball 2-1: SINGLE (Groundball, 4MD, EV 94.4 MPH)
|
|
Pitching: RHP Andrew Giles
|
|
|
Batting: LHB Luis Cruz
|
0-0: Ball 1-0: SINGLE (Flyball, 7LS, EV 93.1 MPH) Tim Molchan to second
|
|
Batting: RHB Zheng-ze King
|
0-0: Foul Ball, location: 2F 0-1: Ball 1-1: Ball 2-1: Ball 3-1: Base on Balls Tim Molchan to third Luis Cruz to second
|
|
Batting: LHB Sal Fernandez
|
0-0: Ball 1-0: Ball 2-0: Ball 3-0: Called Strike 3-1: Base on Balls Tim Molchan scores Luis Cruz to third Zheng-ze King to second
|
|
Batting: RHB Hieronim Rutkowski
|
0-0: Ground out 4-3 (Groundball, 4S, EV 75.0 MPH)
|
| Bottom of the 7th over - 1 run, 2 hits, 0 errors, 3 left on base; Reading 2 - Mississippi 2 |
| TOP OF THE 8TH |
|
Reading Fightin Phils batting - Pitching for Mississippi Braves : RHP Ioakim Mozgo
|
|
Batting: RHB Greg Herzig
|
0-0: Called Strike 0-1: Ball 1-1: Ball 2-1: Foul Ball, location: 2F 2-2: Fly out, F9 (Line Drive, 9S, EV 105.0 MPH)
|
|
Batting: RHB David Clough
|
0-0: Ball 1-0: SINGLE (Groundball, 56D, EV 104.4 MPH)
|
|
Batting: RHB Mike Bell
|
0-0: Called Strike 0-1: Ball 1-1: Called Strike 1-2: Ball 2-2: Grounds into double play, 5-4-3 (Groundball, 5, EV 106.9 MPH)
|
| Top of the 8th over - 0 runs, 1 hit, 0 errors, 0 left on base; Reading 2 - Mississippi 2 |
| BOTTOM OF THE 8TH |
|
Mississippi Braves batting - Pitching for Reading Fightin Phils : RHP Andrew Giles
|
|
Batting: LHB Art D'Ascenzo
|
0-0: Foul Ball, location: 2F 0-1: Ball 1-1: Ball 2-1: Foul Ball, location: 2F 2-2: Strikes out swinging
|
|
Batting: RHB Eddie McCoy
|
0-0: Called Strike 0-1: Foul Ball, location: 2F 0-2: Strikes out swinging
|
|
Batting: RHB Justin Reich
|
0-0: Ball 1-0: Ball 2-0: Called Strike 2-1: Called Strike 2-2: Fly out, F9 (Flyball, 9LSF, EV 95.6 MPH)
|
| Bottom of the 8th over - 0 runs, 0 hits, 0 errors, 0 left on base; Reading 2 - Mississippi 2 |
| TOP OF THE 9TH |
|
Reading Fightin Phils batting - Pitching for Mississippi Braves : RHP Ioakim Mozgo
|
|
Pitching: RHP Gordon Cushing
|
|
|
Batting: RHB Jake Cox
|
0-0: SINGLE (Line Drive, 8RS, EV 108.1 MPH)
|
|
Batting: RHB Victor Arias
|
0-0: Called Strike Jake Cox steals 2nd base 0-1: Called Strike 0-2: Ball 1-2: Foul Ball, location: 2F 1-2: Ground out 6-3 (Groundball, 6M, EV 81.9 MPH) Jake Cox to third
|
|
Batting: RHB Alberto Ramirez
|
0-0: Intentional Walk
|
|
Batting: RHB Chris Myers
|
0-0: Ball Alberto Ramirez steals 2nd base (no throw) 1-0: Ball 2-0: SINGLE (Groundball, 56D, EV 94.4 MPH) Jake Cox scores Alberto Ramirez to third
|
|
Batting: RHB Guan-pei Gao
|
0-0: Called Strike 0-1: Called Strike Chris Myers steals 2nd base 0-2: Strikes out swinging
|
|
Batting: RHB Victor Arroyo
|
0-0: Swinging Strike 0-1: Called Strike 0-2: Strikes out swinging
|
| Top of the 9th over - 1 run, 2 hits, 0 errors, 2 left on base; Reading 3 - Mississippi 2 |
| BOTTOM OF THE 9TH |
|
Mississippi Braves batting - Pitching for Reading Fightin Phils : RHP Andrew Giles
|
|
Pitching: RHP Jeremy Mitchem
|
|
|
Batting: SHB Jose Melendez
|
0-0: Ball 1-0: Foul Ball, location: 2F 1-1: Ball 2-1: Foul Ball, location: 2F 2-2: Foul Ball, location: 2F 2-2: Foul Ball, location: 2F 2-2: Ball 3-2: Base on Balls
|
|
Pinch Hitting: LHB Oke Monti
|
0-0: Ground out 4-3 (Groundball, 34, EV 98.1 MPH) Jose Melendez to second
|
|
Batting: LHB Luis Cruz
|
0-0: Ball 1-0: Ball 2-0: Foul Ball, location: 2F 2-1: Called Strike 2-2: Strikes out swinging
|
|
Batting: RHB Zheng-ze King
|
0-0: Ball 1-0: Fly out, F8 (Line Drive, 8RS, EV 96.2 MPH)
|
| Bottom of the 9th over - 0 runs, 0 hits, 0 errors, 1 left on base; Reading 3 - Mississippi 2 |
|